 Dungeon Crawl Stone Soup version 0.32-a0-913-g739538a (webtiles) character file.

Game seed: 15431247650343702641

14525 only3rune the Grappler (level 11, -8/95 (113) HPs)
             Began as a Troll Fighter on Apr 9, 2024.
             Was a Priest of Wu Jian.
             Killed from afar by a laughing skull (14 damage)
             ... with a bolt of negative energy
             ... on level 12 of the Dungeon.
             The game lasted 00:12:29 (9984 turns).

only3rune the Grappler (Troll Fighter)              Turns: 9984, Time: 00:12:30

HP:   -8/95 (113)   AC:  5    Str: 28      XL:     11   Next: 89%
MP:   10/10         EV:  7    Int:  4      God:    Wu Jian [***...]
Gold: 727           SH:  7    Dex:  8 (9)  Spells: 10/10 levels left

rFire   . .          .
                       - Unarmed
rCold   . . .        b - +0 kite shield
rNeg    . . .        y - +0 troll leather armour
rPois   .            (helmet restricted)
rElec   .            (no cloak)
rCorr   .            (gloves unavailable)
SInv    .            (boots unavailable)
Will    .....        (no amulet)
Stlth   +            (no ring)
HPRegen 1.95/turn    (no ring)
MPRegen 0.12/turn

%: no passive effects
@: about to teleport, heavily drained
A: large, unfitting armour, claws 3, regeneration 1, shaggy fur 1, tough skin 1,
antennae 1, deterioration 1, dopey 1
a: Renounce Religion, Wall Jump, Serpent's Lash


You were on level 12 of the Dungeon.
You worshipped Wu Jian.
Wu Jian was most pleased with you.
You visited 2 branches of the dungeon, and saw 13 of its levels.

You collected 727 gold pieces.

Inventory:

Missiles
 n - 4 large rocks (quivered)
 p - 4 javelins
Armour
 b - a +0 kite shield (worn)
 c - +0 steam dragon scales
 y - a +0 troll leather armour (worn)
Jewellery
 i - a ring of ice
 t - a ring of ice
Wands
 l - a wand of paralysis (4)
 s - a wand of digging (5)
 v - a wand of flame (17)
Scrolls
 f - 5 scrolls of fog
 j - 2 scrolls of amnesia
 k - 2 scrolls of brand weapon
 m - 5 scrolls of poison
 q - 2 scrolls of noise
 u - a scroll of immolation {unknown}
 w - a scroll of silence {unknown}
 x - a scroll of teleportation {!d}
Potions
 a - a potion of might
 d - 2 potions of magic {!q!d}
 e - a potion of brilliance {!q!d}
 g - a potion of berserk rage {!q}
 h - a potion of haste {!q!d}
 o - 2 potions of attraction
 z - 2 potions of mutation {!q!d}


   Skills:
 * Level 8.5 Fighting
 + Level 9.1 Throwing
 - Level 3.0 Dodging
 - Level 3.0 Shields
 + Level 12.5 Unarmed Combat
 - Level 4.0 Evocations


You had 10 spell levels left.
You didn't know any spells.
Your spell library contained the following spells:

 Spells                   Type           Power      Damage    Failure   Level
 Ensorcelled Hibernation  Hex/Ice        0%         N/A       89%         2
 Fugue of the Fallen      Necr           0%         N/A       98%         3
 Passwall                 Erth           0%         N/A       98%         3
 Swiftness                Air            0%         N/A       98%         3
 Anguish                  Hex/Necr       0%         N/A       100%        4
 Animate Armour           Summ/Erth      0%         N/A       100%        4
 Summon Lightning Spire   Summ/Air       0%         N/A       100%        4
 Lee's Rapid Deconstruct  Erth           0%         3d4*      100%        5


Dungeon Overview and Level Annotations

Branches:
Dungeon (12/15)            Temple (1/1) D:7            Lair (0/5) D:11
    Orc (0/2) D:9

Altars:
Ashenzari
Cheibriados
Dithmenos
Elyvilon
Gozag
Hepliaklqana
Kikubaaqudgha
Makhleb
Nemelex Xobeh
Okawaru
Qazlal
Ru
Sif Muna
Trog
Uskayaw
Vehumet
Wu Jian
Yredelemnul
Zin
The Shining One

Portals:
Trove: D:10 (show abyssal rune of Zot)

Annotations:
D:5 1 transporter, aor's ghost, novice OpMo


Innate Abilities, Weirdness & Mutations

You are too large for most types of armour.
You have claws for hands.
Your natural rate of healing is unusually fast.
You are covered in fur. (AC +1)
You have tough skin. (AC +1)
You have a pair of small antennae on your head.
Your body sometimes deteriorates upon taking damage.
You are dopey. (Int -2)


Message History

You scratch the laughing skull but do no damage.
You block the laughing skull's attack. The laughing skull headbutts you!
The laughing skull barely misses you. The laughing skull headbutts you.
You barely miss the laughing skull. The laughing skull headbutts you. x2
You closely miss the laughing skull.
The laughing skull completely misses you.
The laughing skull cackles spitefully.
The bolt of negative energy hits you!!
You feel drained.
Unknown command.
Okay, then.
As you read the scroll of teleportation {!d}, it crumbles to dust.
You feel strangely unstable.
The laughing skull lets out a vicious peal of laugher.
The bolt of negative energy hits you!
You feel drained. You block the laughing skull's attack.
The laughing skull headbutts you. x2
Unknown command.
Unknown command.
Unknown command.
The laughing skull gibbers with scorn.
The bolt of negative energy hits the laughing skull.
The laughing skull completely resists.
The bolt of negative energy hits you!!
You feel drained.
* * * LOW HITPOINT WARNING * * *
The laughing skull headbutts you!
* * * LOW HITPOINT WARNING * * *
Unknown command.
Okay, then.
Unknown command.
Okay, then.
Unknown command.
Aiming: Paralyse
Press: ? - help, Shift-Dir - straight line, f - laughing skull
Aim: a laughing skull (chance to affect: 59%)
The laughing skull resists with significant effort.
The laughing skull cackles spitefully.
The bolt of negative energy hits the laughing skull.
The laughing skull completely resists.
The bolt of negative energy hits you!
You feel drained.
You die...
The laughing skull crumbles to pieces from sheer joy.

#..# ##..# ....###
.....# .....# #.?..#
. #.z..##
..###########.....#
...........@z.....#
..................#
#####.............#
#.............#
#...............
#................
#.)..............
######...............
................


You could see 2 laughing skulls.

Vanquished Creatures
  A boulder beetle (D:12)
  4 two-headed ogres
  An ugly thing (D:11)
  A cyclops (D:12)
  A gargoyle (D:10)
  An unseen horror (D:11)
  A kobold demonologist (D:7)
  2 trolls
  2 vampires
  A wraith (D:9)
  3 shadows
  23 yaks
  Eustachio (D:3)
  3 vampire mosquitoes (D:11)
  2 steam dragons
  Menkaure (D:5)
  An acid dragon (D:9)
  4 water moccasins
  An ice beast (D:6)
  3 orc warriors
  A sky beast (D:7)
  6 centaurs
  2 phantoms
  Blork the orc (D:5)
  2 kobold brigands
  A bullfrog (D:7)
  A gnoll sergeant (D:10)
  7 scorpions
  3 wights (D:7)
  A troll zombie (D:9)
  5 killer bees (D:7)
  2 howler monkeys (D:10)
  2 bombardier beetles
  A hound (D:6)
  5 jellies
  4 gnoll boudas
  6 orc priests
  2 sleepcaps
  2 iguanas
  22 orc wizards
  5 ogre zombies (D:9)
  25 gnolls
  11 adders
  2 ufetubi (D:6)
  3 dart slugs (D:1)
  39 orcs
  12 bats
  2 endoplasms
  6 giant cockroaches
  4 gnoll zombies (D:9)
  9 goblins
  4 hobgoblins
  6 jackals
  18 kobolds
  3 quokkas
  3 ball pythons
  4 frilled lizards
  4 gnoll skeletons (D:9)
  2 orc skeletons (D:9)
  9 orc zombies (D:9)
  A rat (D:2)
305 creatures vanquished.

Notes
Turn   | Place    | Note
-------+----------+-------------------------------------------
     0 | D:1      | only3rune the Troll Fighter began the quest for the Orb.
     0 | D:1      | Reached XP level 1. HP: 22/22 MP: 0/0
   185 | D:1      | Reached XP level 2. HP: 29/29 MP: 1/1
   486 | D:1      | Reached XP level 3. HP: 36/36 MP: 2/2
  1221 | D:2      | Found a faded altar of an unknown god.
  1397 | D:3      | Reached skill level 3 in Unarmed Combat
  1397 | D:3      | Reached XP level 4. HP: 45/45 MP: 3/3
  1953 | D:4      | Noticed Eustachio
  1957 | D:4      | Noticed a centaur
  2073 | D:3      | Killed a centaur
  2074 | D:3      | Reached skill level 4 in Unarmed Combat
  2074 | D:3      | Reached XP level 5. HP: 53/53 MP: 4/4
  2277 | D:3      | Killed Eustachio
  2278 | D:3      | Reached skill level 5 in Unarmed Combat
  2278 | D:3      | Reached XP level 6. HP: 54/61 MP: 5/5
  2328 | D:4      | Reached skill level 6 in Unarmed Combat
  2360 | D:4      | Noticed a steam dragon
  2375 | D:4      | HP: 2/61 [steam dragon/ball of steam (18)]
  2382 | D:4      | HP: 2/61 [something/ball of steam (8)]
  2388 | D:4      | Killed a steam dragon
  2443 | D:3      | Reached skill level 7 in Unarmed Combat
  2443 | D:3      | Reached XP level 7. HP: 55/67 MP: 6/6
  3290 | D:5      | Entered Level 5 of the Dungeon
  3417 | D:5      | Noticed Menkaure
  3435 | D:5      | Killed Menkaure
  3436 | D:5      | Reached skill level 1 in Throwing
  3436 | D:5      | Reached skill level 8 in Unarmed Combat
  3666 | D:5      | Reached XP level 8. HP: 73/75 MP: 7/7
  3691 | D:5      | Found a transporter.
  3728 | D:5      | Noticed Blork the orc
  3734 | D:5      | Killed Blork the orc
  4026 | D:5      | Noticed aor's ghost (novice OpMo)
  4258 | D:6      | Reached skill level 9 in Unarmed Combat
  4521 | D:6      | Noticed a boulder beetle
  4682 | D:6      | Reached skill level 1 in Evocations
  4746 | D:6      | Reached XP level 9. HP: 81/81 MP: 8/8
  4931 | D:7      | Found a staircase to the Ecumenical Temple.
  4940 | D:7      | Reached skill level 5 in Throwing
  4956 | Temple   | Entered the Ecumenical Temple
  5133 | D:7      | Noticed a kobold demonologist
  5152 | D:7      | Noticed a hellwing
  5156 | D:7      | Killed a kobold demonologist
  5237 | D:7      | Found a shimmering blue altar of Sif Muna.
  5586 | D:7      | Found an opulent altar of Gozag.
  5645 | D:7      | Reached skill level 10 in Unarmed Combat
  5707 | D:7      | Gained mutation: Your body sometimes deteriorates upon
                  | taking damage. [potion of mutation]
  5707 | D:7      | Gained mutation: You are dopey. (Int -2) [potion of
                  | mutation]
  5707 | D:7      | Gained mutation: You have a pair of small antennae on your
                  | head. [potion of mutation]
  6111 | D:7      | Reached XP level 10. HP: 82/91 MP: 9/9
  6375 | D:8      | Noticed a two-headed ogre
  6383 | D:8      | Killed a two-headed ogre
  6615 | Temple   | Became a worshipper of the Wu Jian Council
  6894 | D:9      | Found a glowing silver altar of Zin.
  6906 | D:9      | Reached skill level 11 in Unarmed Combat
  6945 | D:9      | Reached skill level 5 in Fighting
  6978 | D:9      | Reached * piety under Wu Jian
  7007 | D:9      | Found a staircase to the Orcish Mines.
  7417 | D:9      | Reached ** piety under Wu Jian
  7487 | D:9      | Reached XP level 11. HP: 83/105 MP: 10/10
  8035 | D:10     | Entered Level 10 of the Dungeon
  8113 | D:10     | Found a portal to a secret trove of treasure.
  8161 | D:10     | Noticed a two-headed ogre
  8171 | D:10     | Killed a two-headed ogre
  8786 | D:10     | Identified the +7 short sword of Zin's Supremacy {holy,
                  | Str+4}
  9119 | D:10     | Found an iron altar of Okawaru.
  9200 | D:11     | Found a staircase to the Lair.
  9260 | D:11     | Reached skill level 12 in Unarmed Combat
  9388 | D:11     | Noticed a two-headed ogre
  9396 | D:11     | Killed a two-headed ogre
  9439 | D:11     | Noticed a green ugly thing
  9451 | D:11     | Killed a green ugly thing
  9458 | D:11     | HP: 4/111 [poisoned by a green ugly thing]
  9532 | D:11     | Reached *** piety under Wu Jian
  9892 | D:12     | Noticed a two-headed ogre
  9896 | D:12     | Killed a two-headed ogre
  9918 | D:12     | Noticed a boulder beetle
  9933 | D:12     | Killed a boulder beetle
  9983 | D:12     | HP: 4/98 [laughing skull (11)]
  9984 | D:12     | Killed from afar by a laughing skull

Illustrated notes

Levels and vault maps discovered:
D:1:      dpeg_arrival_simpleton_c, layout_loops_cross, st_stairs_7,
          serial_park_tiny_pond, chequers_serial_rivers_micro_d
D:2:      layout_basic, shapermc_ecumenical_altar_acropolis
D:3:      cheibrodos_helix_gallery, layout_basic, serial_rivers,
          chequers_serial_rivers_micro_b, chequers_serial_rivers_room_a,
          chequers_serial_rivers_room_b, chequers_serial_rivers_marsh,
          chequers_serial_rivers_room_b, chequers_serial_rivers_large_a,
          roderic_cross_of_infinity, kennysheep_flooded_box
D:4:      layout_loops_cross, minmay_diced_spiral, uniq_eustachio
D:5:      layout_basic, gammafunk_ghost_smash, nrook_mini_vaults,
          nicolae_titane, uniq_blork_the_orc, uniq_menkaure
D:6:      layout_basic, st_stairs_13
D:7:      layout_basic, lemuel_doored_altar, general_overflow_altar,
          temple_pool_b
D:8:      old_forge, layout_rooms
D:9:      layout_long_grid, mainiacjoe_overflow_paths, zombieorc1_lemuel
D:10:     layout_basic, nicolae_overflow_hidden_temple, enter_trove_2
D:11:     layout_roguey, lair_entry_dummy
D:12:     layout_irregular_city, uniq_rupert
Temple:   nicolae_temple_slightly_damp_pantheon

Skill      XL: |  1  2  3  4  5  6  7  8  9 10 11 |
---------------+----------------------------------+-----
Shields        | 3 |  3.0
Fighting       | 3 6 8 |  8.5
Dodging        | 3 |  3.0
Unarmed Combat | 3 4 5 7 8 9 10 11 12 | 12.5
Throwing       | 2 4 6 8 9 |  9.1
Evocations     | 1 4 |  4.0

Action                     |  1- 3 |  4- 6 |  7- 9 | 10-12 || total
---------------------------+-------+-------+-------+-------++-------
  Melee: Unarmed           |    87 |    71 |   330 |   427 ||   915
  Throw: Javelin           |       |       |       |     9 ||     9
         Large rock        |       |       |       |     2 ||     2
Ability: Whirlwind         |       |       |       |    91 ||    91
         Lunge             |       |       |       |    22 ||    22
  Evoke: Wand              |       |       |     1 |     2 ||     3
    Use: Potion            |       |     1 |     8 |     4 ||    13
         Scroll            |       |       |       |    11 ||    11
   Stab: Paralysed         |       |       |     2 |     3 ||     5
 Armour: Robe              |    55 |    65 |     5 |       ||   125
         Steam dragon scal |       |       |   222 |   221 ||   443
         Troll leather arm |       |       |       |   109 ||   109
  Dodge: Dodged            |    22 |    51 |   105 |   127 ||   305
  Block: Kite shield       |    34 |    60 |   104 |   130 ||   328

Table legend: (Time is in decaauts)
 A = Elapsed time spent in this place.
 B = Non-inter-level travel time spent in this place.
 C = Inter-level travel time spent in this place.
 D = Time resting spent in this place.
 E = Time spent auto-exploring this place.
 F = Levels seen in this place.
 G = Mean time per level.
                   A        B        C        D        E       F      G
               +--------+--------+--------+--------+--------+-----+--------+
         Total |   9960 |   9309 |    651 |    868 |   6284 |  13 |  766.2 |
       Dungeon |   9883 |   9285 |    598 |    868 |   6284 |  12 |  823.6 |
        Temple |     76 |     24 |     52 |      0 |      0 |   1 |   76.0 |
               +--------+--------+--------+--------+--------+-----+--------+

Top non-repeatable levels by time:
     D:7: 1259 daAuts
     D:9: 1159 daAuts
    D:10: 1159 daAuts
     D:3: 1137 daAuts
     D:5: 957 daAuts
     D:4: 902 daAuts
     D:6: 676 daAuts
    D:11: 664 daAuts
     D:1: 655 daAuts
     D:2: 612 daAuts
     D:8: 584 daAuts
    D:12: 114 daAuts
  Temple: 76 daAuts
